 Dungeon Crawl Stone Soup version 0.25.1-2-g60ff931df9 (webtiles) character file.

Game seed: 3417303241727578331

32 pokeman the Magician (level 3, -1/20 HPs)
             Began as a Deep Elf Wizard on Nov 6, 2020.
             Killed from afar by an orc wizard (7 damage)
             ... with a puff of frost
             ... on level 2 of the Dungeon.
             The game lasted 00:02:22 (1736 turns).

pokeman the Magician (Deep Elf Wizard)              Turns: 1736, Time: 00:02:23

Health: -1/20      AC:  2    Str:  4    XL:     3   Next: 10%
Magic:  4/11       EV: 13    Int: 23    God:
Gold:   69         SH:  0    Dex: 13    Spells: 1/12 levels left

rFire    . . .     SeeInvis .   (no weapon)
rCold    . . .     Gourm    .   (no shield)
rNeg     . . .     Faith    .   a - +0 robe
rPois    .         Spirit   .   b - +0 hat
rElec    .         Reflect  .   (no cloak)
rCorr    .         Harm     .   (no gloves)
MR       .....                  (no boots)
Stlth    ++........             (no amulet)
HPRegen  0.06/turn              (no ring)
MPRegen  0.12/turn              (no ring)

@: no status effects
A: no striking features
a: no special abilities


You were on level 2 of the Dungeon.
You were not hungry.

You visited 1 branch of the dungeon, and saw 2 of its levels.

You collected 69 gold pieces.

Inventory:

Missiles
 c - 29 bolts
Armour
 a - a +0 robe (worn)
 b - a +0 hat (worn)
Scrolls
 f - a scroll of teleportation {unknown}
 i - a scroll of identify {unknown}
 k - a scroll of fear {unknown}
 l - a scroll of enchant weapon {unknown}
 m - a scroll of remove curse {unknown}
Potions
 e - a potion of degeneration {unknown}
 g - a potion of lignification {unknown}
 h - 2 potions of curing {unknown}
 j - a potion of heal wounds {unknown}
Comestibles
 d - a ration


   Skills:
 + Level 0.7 Fighting
 + Level 0.8 Armour
 - Level 2.4 Dodging
 - Level 2.4 Stealth
 * Level 5.1 Spellcasting
 + Level 1.8 Conjurations
 - Level 1.1 Summonings
 - Level 1.1 Translocations


You had one spell level left.
You knew the following spells:

 Your Spells              Type           Power        Failure   Level  Hunger
a - Magic Dart            Conj           ##..         4%          1    None
b - Mephitic Cloud        Conj/Pois/Air  #.......     22%         3    ##.....
c - Call Imp              Summ           ##......     9%          2    None
d - Blink                 Tloc           N/A          9%          2    None
e - Conjure Flame         Conj/Fire      ##......     19%         3    ##.....

Your spell library contained the following spells:

 Spells                   Type           Power        Failure   Level  Hunger
 Slow                     Hex            #.......     14%         2    None


Dungeon Overview and Level Annotations

Branches:
Dungeon (2/15)

Altars:


Message History

The magic dart hits the orc wizard but does no damage.
The orc wizard is severely wounded.
The orc hits you with a +0 whip.
* * * LOW HITPOINT WARNING * * *
The orc wizard misses you.
Casting: Magic Dart (safe; 4% risk of failure)
Confirm with . or Enter, or press ? or * to list all spells.
Aiming: Magic Dart (safe; 4% risk of failure)
Press: ? - help, Shift-Dir - straight line, f/p - orc wizard
Aim: an orc wizard, wielding a +0 dagger and wearing a +0 robe (severely wounded)
The magic dart hits the orc wizard.
The orc wizard is severely wounded.
The orc completely misses you. The orc wizard barely misses you.
Things that are here:
a +0 club; a +0 scale mail The orc wizard gestures at you while chanting.
The puff of flame misses you.
The orc wizard gestures at you while chanting.
The puff of frost hits you!
You die...

#.# #.......... ..
#..†.!..... #. #....#
#.##.)..# #..#og..#
#.#o#### #...#
##.o###########
#.>...@......#
############.# #.# #.#
######.#
############......##
#.......##.........####
#.......##.......)....#
#.......##.........##.#


You could see an orc wizard.

Vanquished Creatures
  A worm (D:2)
  3 dart slugs (D:1)
  An orc (D:2)
  A giant cockroach (D:1)
  2 goblins
  4 hobgoblins (D:1)
  2 kobolds (D:1)
  6 bats
  A rat (D:2)
21 creatures vanquished.

Notes
Turn   | Place    | Note
-------+----------+-------------------------------------------
     0 | D:1      | pokeman the Deep Elf Wizard began the quest for the Orb.
     0 | D:1      | Reached XP level 1. HP: 10/10 MP: 7/7
   190 | D:1      | Reached XP level 2. HP: 15/15 MP: 5/9
   865 | D:1      | Reached skill level 5 in Spellcasting
  1547 | D:2      | Reached XP level 3. HP: 20/20 MP: 0/11
  1552 | D:2      | Learned a level 3 spell: Mephitic Cloud
  1555 | D:2      | Learned a level 2 spell: Call Imp
  1558 | D:2      | Learned a level 2 spell: Blink
  1562 | D:2      | Learned a level 3 spell: Conjure Flame
  1736 | D:2      | Killed from afar by an orc wizard

Illustrated notes

Levels and vault maps discovered:
D:1:      arrival_zaba_pyramid, layout_loops_ring, fountainhead, chequers_jeans,
          kennysheep_small_spiral, chequers_big_river
D:2:      layout_basic

Skill      XL: |  1  2 |
---------------+-------+-----
Spellcasting   | 5 |  5.1
Fighting       | |  0.7
Armour         | |  0.8
Dodging        | |  2.4
Stealth        | |  2.4
Conjurations   | |  1.8
Summonings     | |  1.1
Translocations | |  1.1

Action                   || total
-------------------------++-------
Melee: Unarmed           ||     1
 Cast: Magic Dart        ||    83
  Eat: Ration            ||     1
Armor: Robe              ||     1
Dodge: Dodged            ||    12
